 Dungeon Crawl Stone Soup version 0.24-a0-140-gcaa6c10 (webtiles) character file.

Game seed: 15326325773250503271

117 Hybris the Sneak (level 4, 0/22 HPs)
             Began as a Spriggan Assassin on Mar 4, 2019.
             Was a Follower of Dithmenos.
             Slain by an orc wizard
             ... wielding a +0 dagger
              (2 damage)
             ... on level 3 of the Dungeon.
             The game lasted 00:09:56 (2773 turns).

Hybris the Sneak (Spriggan Assassin)                Turns: 2773, Time: 00:09:57

Health: 0/22       AC:  3    Str: 10    XL:     4   Next: 71%
Magic:  5/5        EV: 18    Int: 12    God:    Dithmenos [*.....]
Gold:   101        SH:  0    Dex: 18    Spells: 3/3 levels left

rFire    . . .     SeeInvis +   v - -2 short sword (curse)
rCold    . . .     Gourm    .   (shield restricted)
rNeg     . . .     Faith    .   c - +0 robe
rPois    .         Spirit   .   (helmet restricted)
rElec    .         Reflect  .   d - +0 cloak
rCorr    +         Harm     .   (gloves unavailable)
MR       .....                  (boots unavailable)
Stlth    ++++......             (no amulet)
HPRegen  0.07/turn              k - +3 ring of strength
MPRegen  0.09/turn              m - ring of resist corrosion

@: wreathed by umbra, very quick
A: very small, unfitting armour, see invisible, herbivore, speed 3, slow
metabolism 2
a: Renounce Religion


You were on level 3 of the Dungeon.
You worshipped Dithmenos.
Dithmenos was aware of your devotion.
You were not hungry.

You visited 1 branch of the dungeon, and saw 4 of its levels.

You collected 101 gold pieces.

Inventory:

Hand Weapons
 a - a +2 dagger
 b - a +0 blowgun
 q - a +1 dagger of speed
 v - a cursed -2 short sword (weapon)
Missiles
 e - 24 poisoned needles
 f - 2 curare-tipped needles
Armour
 c - a +0 robe (worn)
 d - a +0 cloak (worn)
Jewellery
 k - a +3 ring of strength (left hand)
 m - a ring of resist corrosion (right hand)
Wands
 p - a wand of iceblast (11)
Scrolls
 j - a scroll of magic mapping
 l - 4 scrolls of identify
Potions
 h - 3 potions of heal wounds
 i - 2 potions of resistance {unknown}
 n - 3 potions of curing {unknown}
 o - a potion of lignification {unknown}
 r - a potion of degeneration {unknown}
 s - a potion of flight {unknown}
 u - 2 potions of mutation {unknown}
Comestibles
 g - 2 rations


   Skills:
 - Level 1.5 Fighting
 * Level 5.0 Short Blades
 - Level 2.0 Throwing
 + Level 2.6 Dodging
 - Level 6.2 Stealth


You had 3 spell levels left.
You didn't know any spells.
Your spell library was empty.

Dungeon Overview and Level Annotations

Branches:
Dungeon (4/15)
 Temple: D:4-7

Altars:
Dithmenos


Innate Abilities, Weirdness & Mutations

You are very small and have problems with some larger weapons.
You are too small for most types of armour.
You have supernaturally acute eyesight. (SInv)
You are a herbivore.
You cover ground extremely quickly.
You need to consume almost no food.


Message History

You see here a hobgoblin corpse.
You start resting.
The orc wizard is too close now for your liking.
There is a stone staircase leading down here.
You barely miss the orc wizard.
The orc wizard shouts!
The orc wizard hits you with a +0 dagger.
You hit the orc wizard.
The orc wizard is moderately wounded.
The orc wizard points at you and mumbles some strange words.
You easily resist.
You barely miss the orc wizard.
The orc wizard is moderately wounded.
The orc wizard casts a spell at you. The magic dart hits you.
* * * LOW HITPOINT WARNING * * *
You closely miss the orc wizard.
The orc wizard is moderately wounded.
The orc wizard hits you with a +0 dagger.
You die...

*,* #.###.o.###*+*###...# *,* #.#
#.#...#,,.#...#.#**
#.###.###.###.##.##.###...*
#.........# #..#'#..# #.#.#
#####.#######†.....## #...# #...#
##>..#.### ##.*# #.### ##......#
**.# ##.## ##.......## **,.#
######...####...@.....##**,,,****
............+...o.....'.,,,,,,,,*
######...####.........###,,,,**,*
##.## ##..<....## *,*,,**,* *..#
##.)...## *,*,***,* # *.##
##...## *,*,***,* # *.* ##'##
*,,,,,,,* # *,* *.# ***,***** #
*,* ******.#** *,*


You could see an orc wizard.

Vanquished Creatures
  An orc wizard (D:3)
  3 adders
  2 leopard geckos
  4 orcs
  3 giant cockroaches
  7 goblins
  15 hobgoblins
  10 bats
  2 frilled lizards (D:1)
  A jackal skeleton (D:4)
  3 kobolds (D:2)
  5 rats
56 creatures vanquished.

Notes
Turn   | Place    | Note
-------+----------+-------------------------------------------
     0 | D:1      | Hybris the Spriggan Assassin began the quest for the Orb.
     0 | D:1      | Reached XP level 1. HP: 10/10 MP: 2/2
   205 | D:1      | Reached skill level 6 in Stealth
   337 | D:1      | Reached XP level 2. HP: 14/14 MP: 3/3
   972 | D:2      | Reached XP level 3. HP: 14/18 MP: 4/4
  1131 | D:2      | Found a shadowy altar of Dithmenos.
  1134 | D:2      | Became a worshipper of Dithmenos the Shadowed
  1970 | D:3      | Reached XP level 4. HP: 22/22 MP: 5/5
  2485 | D:3      | Reached * piety under Dithmenos
  2721 | D:4      | Reached skill level 5 in Short Blades
  2726 | D:4      | Noticed a hippogriff
  2773 | D:3      | Slain by an orc wizard

Levels and vault maps discovered:
D:1:      minmay_arrival_wavy_path, layout_rooms, minmay_misc_feat_ornament
D:2:      layout_basic, grunt_dithmenos_smoke_and_mirrors, fountainhead
D:3:      cheibrodos_greedy_goblins, layout_loops_corners
D:4:      layout_loops_cross, first_ration

Skill      XL: |  1  2  3  4 |
---------------+-------------+-----
Stealth        | 6 |  6.2
Short Blades   | 3 4 5 |  5.0
Dodging        | 2 |  2.6
Fighting       | |  1.5
Throwing       | |  2.0

Action                   |  1- 3 |  4- 6 || total
-------------------------+-------+-------++-------
Melee: Dagger            |    78 |       ||    78
       Short sword       |    38 |    70 ||   108
  Use: Scroll            |     5 |       ||     5
 Stab: Sleeping          |    18 |     3 ||    21
       Distracted        |       |     1 ||     1
Armor: Robe              |    14 |     7 ||    21
Dodge: Dodged            |    74 |    45 ||   119

Table legend:
 A = Non-vault XP
 B = Vault XP
 C = Vault XP percentage of total XP
 D = Non-vault monster count
 E = Vault monster count
 F = Vault count percentage of total count
                 A         B        C        D         E       F
            +---------+---------+-------+---------+---------+-------
      Total |     164 |       4 |   2.4 |      54 |       2 |   3.6
            +---------+---------+-------+---------+---------+-------
        D:1 |      25 |       0 |   0.0 |      16 |       0 |   0.0
        D:2 |      35 |       0 |   0.0 |      14 |       0 |   0.0
        D:3 |     100 |       4 |   3.8 |      22 |       2 |   8.3
        D:4 |       4 |       0 |   0.0 |       2 |       0 |   0.0
            +---------+---------+-------+---------+---------+-------
